 Dungeon Crawl Stone Soup version 0.24.0-123-gd5b16e6ec5 (webtiles) character file.

Game seed: 4263415833399197036, levelgen mode: deterministic

153 Peloso the Skirmisher (level 5, -5/47 HPs)
             Began as a Minotaur Fighter on Dec 25, 2019.
             Killed from afar by Sigmund (7 damage)
             ... with a puff of flame
             ... on level 3 of the Dungeon.
             The game lasted 00:04:33 (1938 turns).

Peloso the Skirmisher (Minotaur Fighter)            Turns: 1938, Time: 00:04:34

Health: -5/47      AC: 13    Str: 20    XL:     5   Next: 12%
Magic:  4/4        EV:  8    Int: 10    God:
Gold:   108        SH:  9    Dex: 11    Spells: 4/4 levels left

rFire    . . .     SeeInvis .   a - +0 long sword
rCold    . . .     Gourm    .   c - +0 shield
rNeg     . . .     Faith    .   p - +0 plate armour
rPois    +         Spirit   .   (helmet restricted)
rElec    .         Reflect  .   (no cloak)
rCorr    .         Harm     .   q - +0 pair of gloves
MR       .....                  (no boots)
Stlth    ..........             (no amulet)
HPRegen  0.15/turn              k - +4 ring of evasion
MPRegen  0.09/turn              l - ring of poison resistance

@: brilliant, lethally poisoned (-5 -> -6)
A: retaliatory headbutt, horns 2
a: no special abilities


You were on level 3 of the Dungeon.
You were hungry.

You visited 1 branch of the dungeon, and saw 3 of its levels.

You collected 108 gold pieces.

Inventory:

Hand Weapons
 a - a +0 long sword (weapon)
 h - a +2 whip of flaming
Armour
 b - a +0 scale mail
 c - a +0 shield (worn)
 p - a +0 plate armour (worn)
 q - a +0 pair of gloves (worn)
Jewellery
 k - a +4 ring of evasion (left hand)
 l - a ring of poison resistance (right hand)
Scrolls
 e - a scroll of random uselessness {unknown}
 i - a scroll of fear {unknown}
 j - 2 scrolls of teleportation {unknown}
 m - 4 scrolls of magic mapping {unknown}
 o - 3 scrolls of identify {unknown}
 r - 2 scrolls of remove curse {unknown}
Potions
 d - 3 potions of might
 g - 2 potions of flight
Comestibles
 f - 5 rations
 s - 5 chunks of flesh


   Skills:
 + Level 4.8 Fighting
 + Level 3.8 Long Blades
 + Level 4.6 Armour
 + Level 0.7 Dodging
 + Level 4.5 Shields


You had 4 spell levels left.
You didn't know any spells.
Your spell library was empty.

Dungeon Overview and Level Annotations

Branches:
Dungeon (3/15)

Altars:
Trog
Xom
Yredelemnul
The Shining One

Annotations:
D:3 Sigmund


Innate Abilities, Weirdness & Mutations

You reflexively headbutt those who attack you in melee.
You have a pair of horns on your head.


Message History

* * * LOW HITPOINT WARNING * * *
The rat bites you but does no damage.
Unknown command.
You miss Sigmund. Your headbutt misses Sigmund.
Sigmund is severely wounded.
Sigmund barely misses you. The rat bites you but does no damage.
Unknown command.
Your shield and plate armour prevent you from hitting Sigmund.
Sigmund is severely wounded.
You feel less confused. The rat bites you but does no damage.
Sigmund barely misses you. You furiously retaliate!
You headbutt Sigmund.
Unknown command.
You closely miss Sigmund. You headbutt Sigmund.
Sigmund is almost dead.
* * * LOW HITPOINT WARNING * * *
You feel sick. The rat closely misses you.
Sigmund points at you and mumbles some strange words.
The puff of flame hits you!
You die...

...# #.##+#.'...++.....+
...# #.##.#.#...##.....#
...####.##.#.#...##.....#
...+...†...#.######.....#
...####....#+######.....#
†.†## #.......?...#.....#
#...# #...............#
#...# #..........@....#
#...# #.........@r....#
#...# #....#+##.......#
#...# #.?..# #.......#
#....#.....# #.......#
#....#.....# #####.....
.....# ...... #.# ......
# ......


You could see Sigmund and a rat.

Vanquished Creatures
  4 adders
  3 gnolls (D:2)
  An ooze (D:1)
  4 worms
  2 dart slugs (D:3)
  A leopard gecko (D:2)
  A ball python (D:1)
  4 bats
  5 giant cockroaches
  3 goblins
  11 hobgoblins
  6 jackals (D:3)
  8 kobolds
  2 quokkas
  5 frilled lizards
  9 rats
69 creatures vanquished.

Notes
Turn   | Place    | Note
-------+----------+-------------------------------------------
     0 | D:1      | Peloso the Minotaur Fighter began the quest for the Orb.
     0 | D:1      | Reached XP level 1. HP: 19/19 MP: 0/0
   208 | D:1      | Reached XP level 2. HP: 20/27 MP: 1/1
   885 | D:2      | Reached XP level 3. HP: 29/33 MP: 2/2
   925 | D:2      | Found a bloodstained altar of Trog.
  1064 | D:2      | Reached XP level 4. HP: 41/41 MP: 3/3
  1154 | D:2      | Found a shimmering altar of Xom.
  1655 | D:3      | Found a shimmering altar of Xom.
  1655 | D:3      | Found a basalt altar of Yredelemnul.
  1655 | D:3      | Found a glowing golden altar of the Shining One.
  1661 | D:3      | Reached XP level 5. HP: 45/47 MP: 4/4
  1908 | D:3      | Noticed Sigmund
  1938 | D:3      | HP: 2/47 [poisoned by Sigmund]
  1938 | D:3      | Killed from afar by Sigmund

Levels and vault maps discovered:
D:1:      giann_horns, layout_loops_ring, minmay_misc_feat_nine_boxes,
          chequers_serial_rivers_large_b
D:2:      layout_basic, bloody_trog, roderic_lattice_a, xom_teletrap_fun
D:3:      layout_basic, grunt_temple_overflow_open, trog_butcher_becter,
          uniq_sigmund

Skill      XL: |  1  2  3 |
---------------+----------+-----
Fighting       | 4 |  4.8
Armour         | 4 |  4.6
Shields        | 4 |  4.5
Long Blades    | 3 |  3.8
Dodging        | |  0.7

Action                   |  1- 3 |  4- 6 || total
-------------------------+-------+-------++-------
Melee: Long sword        |    66 |    92 ||   158
       Headbutt          |    10 |    14 ||    24
  Use: Potion            |     4 |     1 ||     5
  Eat: Chunk             |       |     3 ||     3
Armor: Scale mail        |    29 |    18 ||    47
       Plate armour      |       |    22 ||    22
Dodge: Dodged            |    30 |    41 ||    71
Block: Shield            |    30 |    47 ||    77
       Rpst.: Long sword |    11 |     5 ||    16
